HSSL
SANTA FE HS CHIEFS @ OVERLAND PARK HS TRIPLETS
05/06/2030
 
TOP OF THE 1ST
Santa Fe HS Chiefs batting - Pitching for Overland Park HS Triplets : RHP Joe Williams
Pitching: RHP Joe Williams
Batting: RHB Chris Ledoux 0-0: Called Strike
0-1: Bunted foul
0-2: Ball
1-2: Foul Ball, location: 2F
1-2: Ball
2-2: Fly out, F8 (Flyball, 89D)
Batting: RHB Juan Bannatyne 0-0: Called Strike
0-1: Ball
1-1: Ball
2-1: Foul Ball, location: 2F
2-2: Ball
3-2: Base on Balls
Batting: SHB Victor Gaines 0-0: Ball
1-0: Ball
2-0: Called Strike
2-1: Foul Ball, location: 2F
2-2: Strikes out swinging
Batting: RHB Anthony Scott 0-0: Called Strike
Pickoff Throw by Catcher to First - Out!
Top of the 1st over - 0 runs, 0 hits, 0 errors, 0 left on base; Santa Fe HS 0 - Overland Park HS 0
BOTTOM OF THE 1ST
Overland Park HS Triplets batting - Pitching for Santa Fe HS Chiefs : RHP Ken Snyder
Pitching: RHP Ken Snyder
Batting: RHB Paco Tapia 0-0: Called Strike
0-1: Bunt missed!
0-2: Ball
1-2: Ball
2-2: Hit by Pitch
Batting: RHB Eddie Stanton 0-0: SINGLE (Groundball, 56D)
Paco Tapia to second
Batting: RHB Emery Cooper 0-0: Ball
1-0: Called Strike
1-1: SINGLE (Groundball, 6MD)
Paco Tapia to third
Eddie Stanton to second
Runner from 3rd tries for Home, SAFE, no throw
Batting: RHB Alex Moran 0-0: Foul Ball, location: 2F
0-1: Grounds into double play, 4-6-3 (Groundball, 34)
Eddie Stanton to third
Batting: RHB Mark Simms 0-0: Called Strike
0-1: Ball
1-1: Ball
2-1: Swinging Strike
2-2: Ball
3-2: Base on Balls
Batting: RHB Pablo Quintanilla 0-0: Foul Ball, location: 2F
0-1: Ball
1-1: Ball
2-1: Ball
3-1: Base on Balls
Mark Simms to second
Batting: RHB Al Kelly 0-0: Fly out, F8 (Flyball, 8RM)
Bottom of the 1st over - 1 run, 2 hits, 0 errors, 3 left on base; Santa Fe HS 0 - Overland Park HS 1
TOP OF THE 2ND
Santa Fe HS Chiefs batting - Pitching for Overland Park HS Triplets : RHP Joe Williams
Batting: RHB Anthony Scott 0-0: Called Strike
0-1: Foul Ball, location: 2F
0-2: Ball
1-2: Fly out, F9 (Flyball, 9)
Batting: RHB Dave Cooke 0-0: Ball
1-0: Foul Ball, location: 2F
1-1: Ground out 4-3 (Groundball, 4S)
Batting: RHB Bryan Tillman 0-0: Fly out, F9 (Line Drive, 89M)
Top of the 2nd over - 0 runs, 0 hits, 0 errors, 0 left on base; Santa Fe HS 0 - Overland Park HS 1
BOTTOM OF THE 2ND
Overland Park HS Triplets batting - Pitching for Santa Fe HS Chiefs : RHP Ken Snyder
Batting: SHB John Hansen 0-0: Fly out, F2 (Popup, 2LF)
Batting: RHB Carson Doss 0-0: Ball
1-0: Ball
2-0: Ball
3-0: Called Strike
3-1: Base on Balls
Batting: RHB Paco Tapia 0-0: Called Strike
0-1: Hit by Pitch
Carson Doss to second
Batting: RHB Eddie Stanton 0-0: Grounds into double play, 5-4-3 (Groundball, 56)
Bottom of the 2nd over - 0 runs, 0 hits, 0 errors, 1 left on base; Santa Fe HS 0 - Overland Park HS 1
TOP OF THE 3RD
Santa Fe HS Chiefs batting - Pitching for Overland Park HS Triplets : RHP Joe Williams
Batting: RHB Stanley Austin 0-0: Ball
1-0: Ground out 1-3 (Groundball, 13)
Batting: SHB Greg Ayers 0-0: Ball
1-0: Called Strike
1-1: Ground out 5-3 (Groundball, 5)
Batting: RHB George Hill 0-0: Ball
1-0: Ground out U3 (Groundball, 34)
Top of the 3rd over - 0 runs, 0 hits, 0 errors, 0 left on base; Santa Fe HS 0 - Overland Park HS 1
BOTTOM OF THE 3RD
Overland Park HS Triplets batting - Pitching for Santa Fe HS Chiefs : RHP Ken Snyder
Batting: RHB Emery Cooper 0-0: Called Strike
0-1: Ball
1-1: Swinging Strike
1-2: Ball
2-2: SOLO HOME RUN (Flyball, 7LD), Distance : 336 ft
Batting: RHB Alex Moran 0-0: Called Strike
0-1: Called Strike
0-2: Foul Ball, location: 2F
0-2: Strikes out swinging
Batting: RHB Mark Simms 0-0: Ball
1-0: DOUBLE (Flyball, 9LD)
Batting: RHB Pablo Quintanilla 0-0: Ball
1-0: Ball
2-0: Ball
3-0: Base on Balls
Batting: RHB Al Kelly 0-0: Ball
1-0: Ball
2-0: Ground out 5-3 (Groundball, 5S)
Mark Simms to third
Pablo Quintanilla to second
Batting: SHB John Hansen 0-0: SINGLE (Line Drive, 7S)
Mark Simms scores
Pablo Quintanilla to third
Batting: RHB Carson Doss 0-0: Ball
1-0: Called Strike
1-1: Called Strike
1-2: Ball
2-2: Ball
3-2: Foul Ball, location: 2F
3-2: Base on Balls
John Hansen to second
Batting: RHB Paco Tapia 0-0: Ground out 4-3 (Groundball, 4)
Bottom of the 3rd over - 2 runs, 3 hits, 0 errors, 3 left on base; Santa Fe HS 0 - Overland Park HS 3
TOP OF THE 4TH
Santa Fe HS Chiefs batting - Pitching for Overland Park HS Triplets : RHP Joe Williams
Batting: RHB Chris Ledoux 0-0: Called Strike
0-1: Swinging Strike
0-2: Ground out 3-1 (Groundball, 34)
Batting: RHB Juan Bannatyne 0-0: Foul Ball, location: 2F
0-1: Fly out, F3 (Popup, 3SF)
Batting: SHB Victor Gaines 0-0: Called Strike
0-1: Foul Ball, location: 2F
0-2: Ball
1-2: Reached on error, E6 (Popup, 6M)
Batting: RHB Anthony Scott 0-0: Ball
1-0: SINGLE (Line Drive, 7S)
Victor Gaines to second
Batting: RHB Dave Cooke 0-0: Ball
1-0: Called Strike
1-1: Swinging Strike
1-2: Strikes out swinging
Top of the 4th over - 0 runs, 1 hit, 1 error, 2 left on base; Santa Fe HS 0 - Overland Park HS 3
BOTTOM OF THE 4TH
Overland Park HS Triplets batting - Pitching for Santa Fe HS Chiefs : RHP Ken Snyder
Batting: RHB Eddie Stanton 0-0: Ball
1-0: SINGLE (Line Drive, 7S)
Batting: RHB Emery Cooper 0-0: Ball
1-0: Foul Ball, location: 2F
1-1: Ball
2-1: Hit by Pitch
Eddie Stanton to second
Batting: RHB Alex Moran 0-0: Called Strike
0-1: Ball
1-1: Swinging Strike
1-2: Foul Ball, location: 2F
1-2: Ball
2-2: Ball
3-2: Base on Balls
Eddie Stanton to third
Emery Cooper to second
Batting: RHB Mark Simms 0-0: Fly out, F7 (Flyball, 7)
Runner from 3rd tags up, SCORES, throw made
Batting: RHB Pablo Quintanilla 0-0: Fly out, F8 (Flyball, 8LM)
Batting: RHB Al Kelly 0-0: Ball
1-0: Ball
2-0: Swinging Strike
2-1: Called Strike
2-2: Foul Ball, location: 2F
2-2: Foul Ball, location: 2F
2-2: Strikes out swinging
Bottom of the 4th over - 1 run, 1 hit, 0 errors, 2 left on base; Santa Fe HS 0 - Overland Park HS 4
TOP OF THE 5TH
Santa Fe HS Chiefs batting - Pitching for Overland Park HS Triplets : RHP Joe Williams
Batting: RHB Bryan Tillman 0-0: Ball
1-0: Foul Ball, location: 2F
1-1: Foul Ball, location: 2F
1-2: Strikes out swinging
Batting: RHB Stanley Austin 0-0: Called Strike
0-1: Swinging Strike
0-2: Ball
1-2: Ball
2-2: Ball
3-2: Strikes out swinging
Batting: SHB Greg Ayers 0-0: Ball
1-0: SINGLE (Groundball, 4D)
Batting: RHB George Hill 0-0: SINGLE (Line Drive, 9S)
Greg Ayers to second
Batting: RHB Chris Ledoux 0-0: Ball
1-0: Foul Ball, location: 2F
1-1: Ball
2-1: Ball
3-1: Fielders Choice at 2nd, 6-4 (Groundball, 6)
Top of the 5th over - 0 runs, 2 hits, 0 errors, 2 left on base; Santa Fe HS 0 - Overland Park HS 4
BOTTOM OF THE 5TH
Overland Park HS Triplets batting - Pitching for Santa Fe HS Chiefs : RHP Ken Snyder
Pitching: RHP Cris Soto
Batting: SHB John Hansen 0-0: Foul Ball, location: 2F
0-1: Hit by Pitch
Batting: RHB Carson Doss 0-0: Called Strike
0-1: DOUBLE (Line Drive, 7LM)
John Hansen to third
Batting: RHB Paco Tapia 0-0: SINGLE (Line Drive, 9S)
John Hansen scores
Carson Doss to third
Batting: RHB Eddie Stanton 0-0: Called Strike
0-1: Ball
1-1: Called Strike
1-2: Ball
2-2: Fly out, F9 (Flyball, 9D)
Runner from 3rd tags up, SCORES, no throw
Batting: RHB Emery Cooper 0-0: Ball
1-0: Called Strike
1-1: Ball
2-1: Swinging Strike
2-2: Ball
3-2: Fly out, F6 (Line Drive, 6)
Lined into DP, 6-3 (Line Drive, 6)
Bottom of the 5th over - 2 runs, 2 hits, 0 errors, 0 left on base; Santa Fe HS 0 - Overland Park HS 6
TOP OF THE 6TH
Santa Fe HS Chiefs batting - Pitching for Overland Park HS Triplets : RHP Joe Williams
Batting: RHB Juan Bannatyne 0-0: Called Strike
0-1: SINGLE (Groundball, 6D)
Batting: SHB Victor Gaines 0-0: Called Strike
0-1: Ball
1-1: Ball
2-1: Foul Ball, location: 2F
2-2: Ball
3-2: 2-RUN HOME RUN (Line Drive, 9LD), Distance : 344 ft
Pitching: LHP Mark Jacobs
Batting: RHB Anthony Scott 0-0: Foul Ball, location: 2F
0-1: Ground out 4-3 (Groundball, 4S)
Batting: RHB Dave Cooke 0-0: Called Strike
0-1: Ball
1-1: Ball
2-1: Ball
3-1: Ground out 6-3 (Groundball, 6)
Batting: RHB Bryan Tillman 0-0: Called Strike
0-1: Ball
1-1: Foul Ball, location: 2F
1-2: Ball
2-2: Foul Ball, location: 2F
2-2: Ball
3-2: Base on Balls
Batting: RHB Stanley Austin 0-0: Ball
Bryan Tillman steals 2nd base
1-0: Ball
2-0: Ball
3-0: Called Strike
3-1: Swinging Strike
3-2: Strikes out looking
Top of the 6th over - 2 runs, 2 hits, 0 errors, 1 left on base; Santa Fe HS 2 - Overland Park HS 6
BOTTOM OF THE 6TH
Overland Park HS Triplets batting - Pitching for Santa Fe HS Chiefs : RHP Cris Soto
Pitching: RHP Octávio Pinto
Batting: RHB Alex Moran 0-0: Foul Ball, location: 2F
0-1: Called Strike
0-2: Strikes out swinging
Batting: RHB Mark Simms 0-0: Ball
1-0: Called Strike
1-1: Fly out, F8 (Line Drive, 78M)
Batting: RHB Pablo Quintanilla 0-0: Ball
1-0: Called Strike
1-1: Called Strike
1-2: Foul Ball, location: 2F
1-2: Ball
2-2: Ball
3-2: Base on Balls
Batting: RHB Al Kelly 0-0: Called Strike
0-1: Ball
1-1: Foul Ball, location: 2F
1-2: Ball
2-2: Foul Ball, location: 2F
2-2: Fly out, F8 (Flyball, 8RM)
Bottom of the 6th over - 0 runs, 0 hits, 0 errors, 1 left on base; Santa Fe HS 2 - Overland Park HS 6
TOP OF THE 7TH
Santa Fe HS Chiefs batting - Pitching for Overland Park HS Triplets : LHP Mark Jacobs
Batting: SHB Greg Ayers 0-0: Called Strike
0-1: Swinging Strike
0-2: Ball
1-2: Foul Ball, location: 2F
1-2: Strikes out swinging
Batting: RHB George Hill 0-0: Ball
1-0: Ball
2-0: Ball
3-0: Called Strike
3-1: Foul Ball, location: 2F
3-2: Base on Balls
Batting: RHB Chris Ledoux 0-0: Called Strike
0-1: Ball
1-1: Ball
2-1: Ball
3-1: Foul Ball, location: 2F
3-2: Base on Balls
George Hill to second
Batting: RHB Juan Bannatyne 0-0: Foul Ball, location: 2F
0-1: Foul Ball, location: 2F
0-2: Strikes out swinging
Batting: SHB Victor Gaines 0-0: TRIPLE (Line Drive, 8RXD)
George Hill scores
Chris Ledoux scores
Pitching: RHP Richard Jones
Batting: RHB Anthony Scott 0-0: Called Strike
0-1: Ball
1-1: Called Strike
1-2: Strikes out swinging
Top of the 7th over - 2 runs, 1 hit, 0 errors, 1 left on base; Santa Fe HS 4 - Overland Park HS 6
BOTTOM OF THE 7TH
Overland Park HS Triplets batting - Pitching for Santa Fe HS Chiefs : RHP Octávio Pinto
Batting: SHB John Hansen 0-0: Ball
1-0: Ball
2-0: Foul Ball, location: 2F
2-1: Swinging Strike
2-2: Foul Ball, location: 2F
2-2: Ball
3-2: Base on Balls
Batting: RHB Carson Doss 0-0: Bunted foul
0-1: Bunted foul
0-2: SINGLE (Line Drive, 6MD)
John Hansen to second
Batting: RHB Paco Tapia 0-0: Bunted foul
0-1: Sac Bunt - play at first, batter OUT! 1-4
John Hansen to third
Carson Doss to second
Batting: RHB Eddie Stanton 0-0: Ball
1-0: Ball
2-0: Called Strike
2-1: Foul Ball, location: 2F
2-2: Ball
3-2: Base on Balls
Batting: RHB Emery Cooper 0-0: Called Strike
0-1: Ball
1-1: Ball
2-1: SINGLE (Line Drive, 8RS)
John Hansen scores
Carson Doss to third
Eddie Stanton to second
Runner from 3rd tries for Home, SAFE, throw made home
Pitching: RHP Joe Green
Batting: RHB Alex Moran 0-0: Grounds into double play, 6-4-3 (Groundball, 6)
Bottom of the 7th over - 2 runs, 2 hits, 0 errors, 1 left on base; Santa Fe HS 4 - Overland Park HS 8
TOP OF THE 8TH
Santa Fe HS Chiefs batting - Pitching for Overland Park HS Triplets : RHP Richard Jones
Batting: RHB Dave Cooke 0-0: Called Strike
0-1: Ball
1-1: Ball
2-1: Ball
3-1: Foul Ball, location: 2F
3-2: Strikes out swinging
Batting: RHB Bryan Tillman 0-0: Ball
1-0: Ball
2-0: Ball
3-0: Called Strike
3-1: Ground out 5-3 (Groundball, 56S)
Batting: RHB Stanley Austin 0-0: Ball
1-0: Called Strike
1-1: Ball
2-1: Foul Ball, location: 2F
2-2: Foul Ball, location: 2F
2-2: Foul Ball, location: 2F
2-2: Fly out, F1 (Line Drive, 13S)
Top of the 8th over - 0 runs, 0 hits, 0 errors, 0 left on base; Santa Fe HS 4 - Overland Park HS 8
BOTTOM OF THE 8TH
Overland Park HS Triplets batting - Pitching for Santa Fe HS Chiefs : RHP Joe Green
Batting: RHB Mark Simms 0-0: Called Strike
0-1: Foul Ball, location: 2F
0-2: Strikes out swinging
Batting: RHB Pablo Quintanilla 0-0: Called Strike
0-1: Called Strike
0-2: Ball
1-2: Fly out, F7 (Flyball, 78S)
Batting: RHB Al Kelly 0-0: Ball
1-0: Foul Ball, location: 2F
1-1: SINGLE (Line Drive, 89M)
Batting: SHB John Hansen 0-0: Called Strike
0-1: Ball
1-1: Called Strike
1-2: Strikes out looking
Bottom of the 8th over - 0 runs, 1 hit, 0 errors, 1 left on base; Santa Fe HS 4 - Overland Park HS 8
TOP OF THE 9TH
Santa Fe HS Chiefs batting - Pitching for Overland Park HS Triplets : RHP Richard Jones
Batting: SHB Greg Ayers 0-0: Ball
1-0: Ball
2-0: Ball
3-0: Called Strike
3-1: Called Strike
3-2: Base on Balls
Batting: RHB George Hill 0-0: Called Strike
0-1: Called Strike
0-2: Strikes out swinging
Batting: RHB Chris Ledoux 0-0: Fly out, F7 (Flyball, 7LMF)
Batting: RHB Juan Bannatyne 0-0: Called Strike
0-1: SINGLE (Groundball, 56D)
Greg Ayers to second
Pitching: RHP Clint Smith
Batting: SHB Victor Gaines 0-0: Ball
1-0: Ball
2-0: Called Strike
2-1: Swinging Strike
2-2: 3-RUN HOME RUN (Flyball, 9LD), Distance : 347 ft
Batting: RHB Anthony Scott 0-0: Called Strike
0-1: Called Strike
0-2: SINGLE (Groundball, 56D)
Batting: RHB Dave Cooke 0-0: SINGLE (Line Drive, 89S)
Anthony Scott to second
Batting: RHB Bryan Tillman 0-0: Ball
1-0: Foul Ball, location: 2F
1-1: Ball
2-1: Swinging Strike
2-2: Ground out U3 (Groundball, 3L)
Top of the 9th over - 3 runs, 4 hits, 0 errors, 2 left on base; Santa Fe HS 7 - Overland Park HS 8
Saturday, April 7th, 2018 - OOTP Baseball 18.8 Build 76